cohdb
Replays
Latest Replays
All Replays
Popular Replays
Top Player Replays
Match Explorer
How It Works
Community
CoH3 Stats
Reddit
Sign in to upload your games and track your stats! →
Sign in with Steam
Match 45815504
Unlisted
Match 45815504
Overview
Messages
Build Orders
End
Engineer Squad
Selects Airborne Battlegroup
Selects Heavy Machine Gun Paradrop
Heavy Machine Gun Paradrop
Construct Barracks
Riflemen Squad
Riflemen Squad
Riflemen Squad
Mechanized Support Center
Selects Paratrooper Squad Paradrop
Construct Tank Depot
Heavy Machine Gun Paradrop
M4A1 Sherman Medium Tank
Selects Recon Loiter
Selects Supply Drop
Recon Loiter
M1918 Browning Automatic Rifles
Grenade Package
Selects Carpet Bombing Run
Recon Loiter
Carpet Bombing Run
M4A1 Sherman Medium Tank
Designate Forward Repair Station
Riflemen Squad
Esxile
Admiral Ding Dong
[RN] Friedus
Disconnected
0
0
Comments
sign in to comment!
No comments posted yet!